Map: Lightshade LE

Players

Nice - Winner!

  • Race: Protoss Protoss

Has

  • Race: Protoss Protoss

Event: DreamHack SC2 Masters 2021 Fall

VOD

Have the link to the VOD?

Description

Time

  • Played on: Aug. 1, 2021, 9:10 a.m.
  • Length: 11:52

All games in this series

Show
View Real Time Build Order
Export as new Build Order

Nice Protoss - Winner!

Build Orders: Oracle Opening 

Get SALT Encoding   

  12  0:00  Probe  
  13  0:12  Probe  
  14  0:17  Pylon  
  14  0:24  Probe (Chrono Boost)  
  16  0:37  Gateway, Probe (Chrono Boost)  
  16  0:41  Probe (Chrono Boost)  
  16  0:46  Assimilator  
  17  0:52  Probe (Chrono Boost)  
  17  0:55  Assimilator  
  18  1:05  Probe (Chrono Boost)  
  18  1:08  Gateway  
  19  1:13  Probe (Chrono Boost)  
  20  1:19  Probe  
  20  1:25  Cybernetics Core  
  21  1:31  Probe  
  22  1:36  Pylon  
  22  1:43  Probe  
  23  1:55  Probe  
  24  2:01  Stalker  
  24  2:02  Stalker, Warp Gate  
  24  2:07  Probe  
  29  2:14  Pylon  
  29  2:31  Stalker  
  29  2:32  Stalker  
  33  2:41  Stargate  
  32  3:11  Nexus  
  32  3:15  Shield Battery  
  32  3:21  Oracle (Chrono Boost)  
  32  3:25  Probe  
  36  3:31  Pylon  
  36  3:37  Probe  
  37  3:48  Oracle (Chrono Boost)  
  37  3:49  Probe  
  41  3:58  Robotics Facility  
  41  4:02  Shield Battery  
  41  4:05  Probe  
  42  4:17  Probe  
  43  4:22  Stalker x2  
  47  4:32  Shield Battery  
  47  4:45  Observer (Chrono Boost)  
  48  4:47  Stalker  
  48  4:48  Stalker  
  48  4:49  Probe x2  
  54  5:01  Probe  
  54  5:04  Immortal (Chrono Boost)  
  55  5:13  Probe x2  
  61  5:23  Pylon  
  59  5:29  Probe  
  59  5:32  Probe  
  61  5:36  Pylon  
  61  5:38  Immortal (Chrono Boost)  
  61  5:41  Probe  
  66  5:46  Stalker  
  66  5:47  Stalker  
  66  5:49  Observer  
  70  5:51  Pylon  
  70  5:54  Probe  
  72  6:04  Probe  
  72  6:09  Twilight Council  
  73  6:15  Assimilator  
  73  6:16  Assimilator, Probe  
  73  6:17  Probe  
  74  6:22  Gateway  
  74  6:26  Stalker  
  74  6:27  Stalker  
  74  6:28  Probe  
  78  6:35  Pylon  
  66  6:58  Immortal  
  66  7:00  Probe x2  
  61  7:07  Pylon  
  60  7:12  Probe x2  
  62  7:17  Blink (Chrono Boost)  
  61  7:24  Probe x2  
  61  7:26  Observer  
  63  7:36  Probe  
  63  7:37  Probe  
  65  7:43  Immortal  
  63  7:49  Probe x2  
  63  7:50  Adept x2  
  69  7:55  Sentry  
  71  8:01  Probe x2  
  71  8:02  Shield Battery  
  71  8:05  Pylon  
  73  8:07  Observer  
  73  8:22  Warp Prism (Chrono Boost)  
  75  8:30  Sentry x2, Stalker  
  75  8:33  Shield Battery  
  80  8:36  Pylon  
  77  8:55  Gateway  
  77  8:56  Observer (Chrono Boost), Gateway  
  77  9:00  Stalker x2  
  77  9:01  Sentry  
  83  9:14  Gateway  
  82  9:31  Stalker x2  
  82  9:32  Stalker  
  86  9:43  Observer  
  84  9:52  Stalker x2  
  89  9:56  Stalker x3  
  89  9:59  Stalker x3  
  95  10:13  Stalker  
  97  10:15  Stalker x2  
  101  10:35  Pylon  
  101  10:38  Pylon  
  101  10:40  Pylon  
  99  10:54  Stalker x5  
  99  10:56  Stalker  
  106  11:17  Stalker x2  
  106  11:18  Stalker x2  
Show
View Real Time Build Order
Export as new Build Order

Has Protoss 

Build Orders: Blink Stalkers 

Get SALT Encoding   

  12  0:00  Probe  
  13  0:12  Probe  
  14  0:16  Pylon  
  14  0:24  Probe (Chrono Boost)  
  16  0:36  Probe (Chrono Boost)  
  16  0:37  Gateway  
  16  0:41  Probe (Chrono Boost)  
  16  0:45  Assimilator  
  17  0:52  Probe  
  17  0:53  Assimilator  
  18  1:03  Gateway  
  18  1:07  Probe (Chrono Boost)  
  19  1:16  Probe (Chrono Boost)  
  20  1:21  Probe (Chrono Boost)  
  20  1:25  Cybernetics Core  
  21  1:30  Pylon  
  21  1:33  Probe  
  22  1:45  Probe  
  24  2:01  Stalker x2  
  24  2:02  Warp Gate  
  24  2:05  Pylon  
  27  2:13  Probe  
  28  2:23  Twilight Council  
  28  2:25  Probe  
  29  2:34  Stalker  
  30  2:39  Stalker  
  32  2:45  Probe  
  33  3:00  Blink (Chrono Boost)  
  34  3:18  Nexus  
  33  3:26  Stalker  
  35  3:32  Stalker  
  37  3:37  Probe  
  38  3:44  Pylon  
  38  3:49  Probe  
  39  4:04  Probe  
  40  4:11  Gateway  
  40  4:28  Shield Battery  
  40  4:30  Probe x2  
  40  4:31  Stalker x2  
  46  4:41  Robotics Facility  
  46  4:52  Gateway  
  46  4:57  Stalker  
  46  4:59  Stalker  
  49  5:05  Probe  
  50  5:12  Stalker  
  52  5:15  Pylon  
  52  5:24  Probe  
  49  5:28  Stalker  
  49  5:29  Stalker  
  49  5:32  Observer (Chrono Boost)  
  52  5:36  Sentry  
  54  5:44  Warp Prism (Chrono Boost)  
  56  5:52  Sentry  
  58  6:04  Stalker  
  56  6:07  Stalker  
  46  6:41  Sentry x2  
  46  6:42  Zealot x2  
  46  6:44  Probe  
  51  6:49  Probe  
  49  6:56  Probe (Chrono Boost)  
  44  7:02  Probe (Chrono Boost)  
  44  7:08  Probe (Chrono Boost)  
  46  7:09  Sentry x2  
  46  7:13  Probe (Chrono Boost)  
  46  7:15  Probe (Chrono Boost)  
  52  7:17  Probe (Chrono Boost)  
  52  7:22  Stalker  
  55  7:30  Stalker  
  55  7:32  Probe  
  55  7:35  Probe (Chrono Boost)  
  59  7:45  Probe (Chrono Boost)  
  59  7:47  Probe (Chrono Boost)  
  61  7:53  Observer  
  62  7:59  Pylon  
  62  8:10  Robotics Bay  
  62  8:16  Pylon  
  62  8:17  Probe x2  
  64  8:29  Probe x2  
  64  8:34  Assimilator  
  66  8:39  Stalker x3  
  71  8:42  Probe  
  69  8:50  Observer  
  68  8:59  Disruptor (Chrono Boost), Probe x2  
  68  9:01  Observer  
  73  9:07  Pylon  
  73  9:11  Probe  
  74  9:18  Probe  
  75  9:32  Disruptor (Chrono Boost)  
  78  9:47  Stalker x4  
  86  10:01  Gateway  
  86  10:04  Gateway  
  86  10:07  Pylon  
  86  10:16  Pylon  
  86  10:17  Assimilator, Dark Shrine  
  86  10:28  Shield Battery  
  86  10:29  Shield Battery  
  86  10:35  Pylon  
  86  10:49  Probe x2  
  86  10:54  Stalker  
  86  10:55  Stalker x2  
  86  10:56  Stalker  
  94  10:59  Pylon  
  85  11:16  Zealot  
  80  11:21  Zealot x4  
  88  11:27  Probe  

Tags
 
Add a new tag
Caveats
  • Supply blocks, unpowered buildings, or Contaminate may cause inaccurate times.
  • Supply counts are checked every 10 seconds.